[Event "*** MasterClass Titled Tuesday Blitz"]
[Site "Chess.com"]
[Date "2017.10.03"]
[Round "2"]
[White "krzyzan94"]
[Black "petrpalachev"]
[Result "0-1"]
[WhiteElo "2589"]
[BlackElo "2585"]
[TimeControl "180+2"]
[EndTime "13:23:41 PDT"]
[Termination "petrpalachev won by resignation"]

1. e4 e6 2. d4 d5 3. Nc3 Nf6 4. Bg5 dxe4 5. Nxe4 Nbd7 6. Nf3 h6 7. Nxf6+ Nxf6 8.
Bxf6 Qxf6 9. Bd3 Bd7 10. Qe2 Bd6 11. Ne5 Bxe5 12. dxe5 Qg5 13. g3 Bc6 14. h4 Qe7 15. Rg1 Qb4+ 16. c3 Qa5 17. Be4 Bxe4 18. Qxe4 O-O-O 19. Rg2 Rd5 20. f4 Rhd8 21. Re2 Qb6 22. Qe3 Qc6 23.
Kf2 Rd3 24. Qe4 Qb6+ 25. Kg2 Rd2 26. b3 Rxe2+ 27. Qxe2 Qc6+ 28. Kh3 Qxc3 29. Rd1 Rxd1 30. Qxd1 Qc6 31. h5 Qe4 32. Kh2 a5 33. Qg4 Qc2+ 34. Kh3 Qf5 35. Kh4 Qxg4+ 36. Kxg4 b5 37. Kf3 c5 38. Ke4 g6 39. g4 gxh5 40. gxh5 b4 41. f5 Kd7 42. Kf4 Kc6 43. Ke4 Kb6 44. Kd3 exf5 45.
Ke3 a4 46. Kf4 axb3 47. axb3 c4 48. bxc4 b3 49. Kxf5 b2 50. Kf6 b1=Q 51. Kxf7 Qf5+ 0-1

[Event "*** MasterClass Titled Tuesday Blitz"]
[Site "Chess.com"]
[Date "2017.10.03"]
[Round "2"]
[White "Gergo85"]
[Black "saraswathii"]
[Result "0-1"]
[WhiteElo "2372"]
[BlackElo "2294"]
[TimeControl "180+2"]
[EndTime "13:23:48 PDT"]
[Termination "saraswathii won by checkmate"]

1. e4 c5 2. Nf3 e6 3. d4 cxd4 4.
Nxd4 Nf6 5. Nc3 Nc6 6. Ndb5 Bb4 7. a3 Bxc3+ 8. Nxc3 d5 9. exd5 exd5 10. Bd3 d4 11.
Ne2 O-O 12. O-O Qd5 13. Nf4 Qd6 14. h3 Re8 15. Nh5 Nxh5 16. Qxh5 h6 17. Qh4 Qd5 18.
Bxh6 gxh6 19. Qxh6 f5 20. Rae1 Bd7 21. b3 Ne5 22.
Qg5+ Kf8 23. Qh6+ Kg8 24. Qg5+ Kf7 25. Qh5+ Kg7 26. Qg5+ Ng6 27. Bc4 Qd6 28. g3 Qf6 29. Qd2 f4 30. g4 Ne5 31. Bd5 Bc6 32. Bxc6 bxc6 33. f3 Rh8 34. Kg2 c5 35. Rh1 Rae8 36.
Qf2 Qc6 37. Re4 Nxf3 38. Rxe8 Ng5+ 39. Kh2 Rxh3+ 40. Kg1 Rxh1# 0-1

[Event "*** MasterClass Titled Tuesday Blitz"]
[Site "Chess.com"]
[Date "2017.10.03"]
[Round "2"]
[White "AdrianaNikolova"]
[Black "TryingToGetBetter94"]
[Result "1-0"]
[WhiteElo "2400"]
[BlackElo "2311"]
[TimeControl "180+2"]
[EndTime "13:23:49 PDT"]
[Termination "AdrianaNikolova won on time"]

1. e4 e5 2. Nf3 Nc6 3. Bb5 a6 4. Ba4 Nf6 5. O-O Nxe4 6. d4 b5 7. Bb3 d5 8. dxe5 Be6 9. c3 Bc5 10. Nbd2 O-O 11. Nxe4 dxe4 12. Qxd8 Raxd8 13. Bxe6 fxe6 14. Ng5 Rxf2 15. Nxe4 Rxf1+ 16. Kxf1 Bb6 17. Bf4 Rf8 18. g3 Nxe5 19. Ke2 Ng4 20. h3 e5 21. hxg4 exf4 22. Kf3 fxg3+ 23. Kxg3 Re8 24. Kf4 c5 25. a4 b4 26. cxb4 cxb4 27. Rc1 Bd4 28. b3 g5+ 29. Kf3 Rf8+ 30. Ke2 Rf4 31. Kd3 Bc3 32. Rg1 h6 33. Rg3 Kf7 34. Rh3 Kg6 35. Rg3 Be1 36. Rg1 Bh4 37.
Rg2 a5 38. Nc5 Rf3+ 39. Kc4 Bf2 40. Nd3 Be3 41. Ne5+ 1-0

[Event "*** MasterClass Titled Tuesday Blitz"]
[Site "Chess.com"]
[Date "2017.10.03"]
[Round "2"]
[White "severomorskij"]
[Black "kleinebeer98"]
[Result "1-0"]
[WhiteElo "2645"]
[BlackElo "2487"]
[TimeControl "180+2"]
[EndTime "13:23:54 PDT"]
[Termination "severomorskij won by resignation"]

1. d4 Nf6 2. c4 e6 3. Nf3 Bb4+ 4. Nc3 O-O 5. Bg5 h6 6. Bh4 c5 7. Rc1 cxd4 8. Nxd4 Nc6 9. e3 d5 10. cxd5 Qxd5 11.
Bxf6 gxf6 12. Nxc6 Qxd1+ 13. Kxd1 bxc6 14. Bd3 Rb8 15. Kc2 f5 16. Rhd1 c5 17. Be2 Bb7 18. Bf3 Ba6 19.
Rd6 Rb6 20. Rcd1 Rfb8 21. Rd8+ Kg7 22. Rxb8 Rxb8 23. Rd7 e5 24. Rxa7 Bf1 25. Bd5 e4 26. Rxf7+ Kg6 27. Rb7 Rd8 28. Rb6+ Kg5 29. Bf7 Bd3+ 30.
Kb3 Rf8 31. Rg6+ Kh4 32. Bc4 Rd8 33. Nd5 Rb8 34. Bxd3 exd3 35. Nf4 Bd2+ 36. Kc4 Rb4+ 37. Kxd3 Rxf4 38. exf4 Bxf4 39. g3+ Kh5 40. Rc6 1-0

[Event "*** MasterClass Titled Tuesday Blitz"]
[Site "Chess.com"]
[Date "2017.10.03"]
[Round "2"]
[White "Andrjywa"]
[Black "Rbrrt"]
[Result "1-0"]
[WhiteElo "2344"]
[BlackElo "2265"]
[TimeControl "180+2"]
[EndTime "13:23:56 PDT"]
[Termination "Andrjywa won by resignation"]

1. e4 c5 2. Nf3 Nc6 3. d4 cxd4 4. Nxd4 g6 5. c4 Nf6 6. Nc3 d6 7. Be3 Ng4 8. Bg5 Qb6 9. Be3 Nxe3 10.
fxe3 e6 11. Qd2 Bh6 12. Be2 O-O 13. Rd1 Nxd4 14. Qxd4 Bxe3 15. Qxb6 axb6 16. Rxd6 e5 17. a3 Bd4 18. Kd2 Be6 19. Kc2 Kg7 20. Rd1 Rfc8 21. Nd5 Rc6 22. Rxc6 bxc6 23. Nc7 Rf8 24. Nxe6+ fxe6 25. Bf3 Rf4 26. b4 g5 27. h3 Kg6 28. Rd3 h5 29. g4 hxg4 30. hxg4 Rf8 31. a4 Ra8 32. Kb3 Rh8 33. Bd1 Rh2 34. Bc2 Rg2 35. a5 bxa5 36. bxa5 Rxg4 37. a6 Rf4 38. Rxd4 exd4 39. e5+ Kg7 40. Be4 Rf7 41. Bxc6 Ra7 42. Bb7 Kg6 43.
c5 Kf5 44. c6 1-0

[Event "*** MasterClass Titled Tuesday Blitz"]
[Site "Chess.com"]
[Date "2017.10.03"]
[Round "2"]
[White "WanderingPuppet"]
[Black "Robin-Side"]
[Result "1-0"]
[WhiteElo "2314"]
[BlackElo "2584"]
[TimeControl "180+2"]
[EndTime "13:23:56 PDT"]
[Termination "WanderingPuppet won on time"]

1. e4 g6 2. d4 Bg7 3. Nc3 e6 4. Be3 Ne7 5. h4 h6 6. h5 g5 7. Qd2 d5 8. O-O-O dxe4 9. Nxe4 Qd5 10. Nc3 Qa5 11. Nf3 Nbc6 12. Bc4 Bd7 13. Qe2 O-O-O 14.
Bb3 Nf5 15. Ne4 Nxe3 16. fxe3 Nb4 17. Kb1 Bc6 18. Nc5 b6 19. Nd3 Nxd3 20. cxd3 Kb8 21.
Rc1 Bb7 22. Rc2 Rd7 23. Rhc1 Rhd8 24. Nd2 Qf5 25. Ba4 Re7 26. Rf1 Qd5 27. Rf2 Ba6 28.
Bb3 Qb7 29. Bc4 f5 30. Bxa6 Qxa6 31. Nc4 Qb5 32. Rc3 Kb7 33. Rb3 Qd5 34. Qd2 Ka8 35. Qb4 Bf8 36. Qa4 Qb7 37. Rc2 Red7 38. Na5 Qd5 39. Nc6 a5 40. Rb5 1-0

[Event "*** MasterClass Titled Tuesday Blitz"]
[Site "Chess.com"]
[Date "2017.10.03"]
[Round "2"]
[White "Angry_Serb"]
[Black "Indianlad"]
[Result "1-0"]
[WhiteElo "2395"]
[BlackElo "2603"]
[TimeControl "180+2"]
[EndTime "13:24:01 PDT"]
[Termination "Angry_Serb won by resignation"]

1. e4 c5 2. Nc3 Nc6 3. Bb5 g6 4.
Bxc6 dxc6 5. d3 Bg7 6. f4 c4 7.
Nf3 cxd3 8. cxd3 Nf6 9. O-O O-O 10. h3 b6 11. d4 Bb7 12. Be3 Rc8 13. Qa4 a6 14. Rad1 Qc7 15. e5 Nd5 16. Nxd5 cxd5 17. Qb3 Bc6 18. Rc1 Qb7 19. g4 Bb5 20. Rfe1 Bd7 21.
Qb4 Rce8 22. Kg2 a5 23. Qa3 h5 24. Kg3 hxg4 25. hxg4 f6 26. Qd3 f5 27. Ng5 Bh6 28. e6 Bc6 29. Nf7 Rxf7 30. exf7+ Kxf7 31. gxf5 Rg8 32. Kf2 Qd7 33. fxg6+ Rxg6 34. Rg1 Rf6 35. Qh7+ Ke6 36. Rg6 Bf8 37. f5+ Kxf5 38. Rcg1 Qe8 39.
Rxf6+ Kxf6 40. Rg5 Bd7 41. Bf4 Qf7 42. Qh8+ Bg7 43. Rxg7 1-0

[Event "*** MasterClass Titled Tuesday Blitz"]
[Site "Chess.com"]
[Date "2017.10.03"]
[Round "2"]
[White "nutibara"]
[Black "MartinMatthiesen"]
[Result "0-1"]
[WhiteElo "2293"]
[BlackElo "2340"]
[TimeControl "180+2"]
[EndTime "13:24:04 PDT"]
[Termination "MartinMatthiesen won by resignation"]

1. e4 e5 2. Nf3 Nc6 3. Bb5 a6 4. Ba4 Nf6 5. O-O Be7 6. Re1 b5 7. Bb3 O-O 8. c3 d5 9. exd5 Nxd5 10. Nxe5 Nxe5 11. Rxe5 c6 12. Re1 Bd6 13. g3 Qd7 14. d4 Qh3 15. Re4 g5 16. Qe2 Bf5 17.
Nd2 Nf6 18. f3 Rae8 19. Bc2 g4 20. Qf2 gxf3 21. Rh4 Re1+ 22. Nf1 Qg2+ 23. Qxg2 fxg2 24. Kxg2 Bxc2 25. Ne3 Re2+ 26. Kf3 Bd3 27. Ng4 Nxg4 28. Rxg4+ Kh8 29. Bh6 Rg8 30. Rxg8+ Kxg8 31. Rd1 Bc4 32. b3 Rxh2 33. bxc4 Rxh6 34. c5 Rf6+ 35. Ke4 Bxg3 36.
d5 cxd5+ 37. Kxd5 h5 38. Rg1 h4 39. c4 Rf5+ 40. Kc6 bxc4 41. Kb6 Rg5 42. c6 Bf2+ 43. Kb7 Bxg1 44. c7 Rc5 45. c8=Q+ Rxc8 46. Kxc8 c3 0-1

[Event "*** MasterClass Titled Tuesday Blitz"]
[Site "Chess.com"]
[Date "2017.10.03"]
[Round "2"]
[White "Mistheoretical"]
[Black "Grootneus"]
[Result "1-0"]
[WhiteElo "2202"]
[BlackElo "2121"]
[TimeControl "180+2"]
[EndTime "13:24:08 PDT"]
[Termination "Mistheoretical won by checkmate"]

1. d4 g6 2. e4 Bg7 3. Nc3 d6 4. Be3 a6 5. Qd2 b5 6. a3 Bb7 7.
f3 Nd7 8. Nh3 c5 9. d5 Ngf6 10.
Nf2 Rc8 11. Be2 Qa5 12. O-O O-O 13. Rfc1 Ba8 14. Bh6 Qb6 15. Bxg7 Kxg7 16. Qe3 Rc7 17. f4 Rfc8 18. g4 b4 19. Ncd1 a5 20. h4 c4 21.
axb4 axb4 22. c3 Qxe3 23. Nxe3 Nc5 24. Rxa8 Rxa8 25. e5 dxe5 26. fxe5 Nfe4 27. cxb4 Nxf2 28. Kxf2 Na4 29. b3 Nb6 30. bxc4 Ra2 31. Kf3 Rb2 32. c5 Nc8 33. d6 exd6 34. exd6 Ra7 35. b5 Raa2 36. d7 Rxe2 37. dxc8=Q Rf2+ 38. Ke4 Ra4+ 39. Rc4 f5+ 40. gxf5 gxf5+ 41. Ke5 Ra3 42. Nxf5+ Kg6 43. Qg8+ Kh5 44. Qg5# 1-0

[Event "*** MasterClass Titled Tuesday Blitz"]
[Site "Chess.com"]
[Date "2017.10.03"]
[Round "2"]
[White "chesstatour"]
[Black "guilhermedeola"]
[Result "0-1"]
[WhiteElo "1846"]
[BlackElo "1943"]
[TimeControl "180+2"]
[EndTime "13:24:08 PDT"]
[Termination "guilhermedeola won by resignation"]

1. c4 g6 2. Nc3 Bg7 3. e4 c5 4. d3 Nc6 5. f4 d6 6. Nf3 Nf6 7. Be2 O-O 8. O-O Ne8 9. Be3 Nd4 10. Qd2 Nc7 11. Rae1 a6 12. Nd5 Nce6 13. Kh1 Nxe2 14. Qxe2 Nd4 15. Qf2 b5 16. Nxd4 cxd4 17. Bxd4 e5 18.
fxe5 dxe5 19. Bc5 bxc4 20. dxc4 Re8 21. Qxf7+ Kh8 22. Bb6 Qd7 23. Qxd7 Bxd7 24. Nc7 Rab8 25. Nxe8 Bxe8 26. c5 Kg8 27. b3 Bc6 28. Rf2 Bh6 29. Bc7 Re8 30. Rf6 Bb5 31. a4 Bd3 32. Rd6 Bc2 33.
Rxa6 Rf8 34. Kg1 Bd2 35. Ra1 Be3+ 36. Kh1 Bxc5 37. Bxe5 Rf2 38. Bg3 Re2 39. h3 Bxe4 40. Rg1 Bxg1 41. Kxg1 Rxg2+ 42. Kf1 Rxg3 43. Rb6 Rxh3 44.
a5 Rh5 45. b4 Rb5 46. Ra6 Rxb4 47. Kf2 Ra4 48. Ra7 0-1

[Event "*** MasterClass Titled Tuesday Blitz"]
[Site "Chess.com"]
[Date "2017.10.03"]
[Round "2"]
[White "yurisolo"]
[Black "Cruel_Yaro"]
[Result "0-1"]
[WhiteElo "2532"]
[BlackElo "2694"]
[TimeControl "180+2"]
[EndTime "13:24:09 PDT"]
[Termination "Cruel_Yaro won by resignation"]

1. e4 a6 2. d4 c6 3. Nf3 d5 4.
Nc3 dxe4 5. Nxe4 Nf6 6. Nxf6+ exf6 7. Bd3 Bd6 8. O-O O-O 9. h3 Nd7 10. Re1 Re8 11. Rxe8+ Qxe8 12. Be3 Nf8 13. c3 Be6 14. Qd2 Qd8 15. c4 Ng6 16. Re1 b5 17. b3 Qd7 18.
Qa5 Bc7 19. Qc3 Re8 20. Rc1 Bxh3 21. cxb5 Bxg2 22. Kxg2 Qg4+ 23. Kf1 Rxe3 24. fxe3 Qxf3+ 25. Ke1 Qxe3+ 26. Kd1 Ba5 27. Qxa5 Qxd3+ 28. Qd2 Qxb5 29. Qe2 Qd5 30. Qc4 Qe4 31. Qxc6 Qxd4+ 32. Kc2 h5 33. Qxa6 Ne5 34. Qa8+ Kh7 35. Rd1 Qf2+ 36. Rd2 Qf5+ 37. Kb2 Nd3+ 38. Kc3 Nc5 39. Kb2 Qe5+ 40. Ka3 Ne4 41.
Qd5 Nxd2 42. Qxd2 h4 43. b4 Qg3+ 44. Ka4 h3 45. Qc2+ g6 46. Qc4 Kg7 47. Qd5 Qg2 0-1

[Event "*** MasterClass Titled Tuesday Blitz"]
[Site "Chess.com"]
[Date "2017.10.03"]
[Round "2"]
[White "DrVelja"]
[Black "Paralinch"]
[Result "0-1"]
[WhiteElo "2503"]
[BlackElo "2671"]
[TimeControl "180+2"]
[EndTime "13:24:12 PDT"]
[Termination "Paralinch won by resignation"]

1. e4 c6 2. d4 d5 3. e5 Bf5 4. h4 Qb6 5. h5 c5 6. g4 Bd7 7.
dxc5 Qxc5 8. c3 Nc6 9. Be3 Qa5 10.
f4 d4 11. Bxd4 Nxd4 12. Qxd4 Bxg4 13. Na3 a6 14. Nc4 Qc7 15. Qe4 e6 16. Bh3 Nh6 17. Bxg4 Nxg4 18. Nh3 Rd8 19. Rd1 Rxd1+ 20. Kxd1 Nh6 21.
Kc1 Nf5 22. Rd1 Be7 23. Ne3 Nxe3 24. Qxe3 O-O 25. Nf2 Bc5 26. Qf3 Bxf2 27. Qxf2 Rd8 28. Rg1 Qd7 29. Qg2 g6 30. hxg6 fxg6 31. Qe2 Qd3 32.
Re1 Qxe2 33. Rxe2 h5 34. Kc2 Kg7 35. Rf2 Kh6 36. c4 h4 37. b4 Kh5 38. Rg2 h3 39.
Rg5+ Kh4 40. Rxg6 Rh8 41. Rg1 h2 42. Rh1 Kg4 43. Kd3 Kxf4 44. c5 Kxe5 45. a4 Kd5 0-1

[Event "*** MasterClass Titled Tuesday Blitz"]
[Site "Chess.com"]
[Date "2017.10.03"]
[Round "2"]
[White "ruifeng"]
[Black "Incognito_Knight"]
[Result "0-1"]
[WhiteElo "2368"]
[BlackElo "2456"]
[TimeControl "180+2"]
[EndTime "13:24:13 PDT"]
[Termination "Incognito_Knight won by checkmate"]

1. d4 Nf6 2. Bf4 b6 3. Nc3 Bb7 4. f3 c5 5. d5 e6 6. e4 exd5 7. exd5 d6 8. Qd2 Be7 9. Nge2 O-O 10. Ng3 Re8 11. Be2 a6 12. a4 Bf8 13. O-O Nbd7 14. Rfe1 Qc7 15. Nf5 Ne5 16. Bf1 Ng6 17. Bg3 Qd7 18.
Ne3 Ne5 19. h3 Qc7 20. Nc4 Nxc4 21. Bxc4 g6 22. Bh2 Bg7 23. Qf4 Rad8 24. Kh1 Rxe1+ 25. Rxe1 Nh5 26. Qd2 Qd7 27. g4 Nf6 28. Bf4 Re8 29. Kg2 Rxe1 30. Qxe1 Ne8 31. Qd2 Nc7 32. Ne4 b5 33. axb5 axb5 34. Nxd6 bxc4 35. Nxb7 Nxd5 36. Nxc5 Qc6 37. Ne4 f5 38. Nc3 Bxc3 39. bxc3 Qe6 40. Kg3 Kf7 41. Qd4 Qe1+ 42. Kg2 Qe2+ 43. Kg3 Ke6 44.
Kh4 Qxf3 45. Qe5+ Kf7 46. Bg3 f4 47. Qd6 Qxg3+ 48. Kg5 h6+ 49. Kxh6 Qh4# 0-1

[Event "*** MasterClass Titled Tuesday Blitz"]
[Site "Chess.com"]
[Date "2017.10.03"]
[Round "2"]
[White "visa"]
[Black "fidetrainerNET"]
[Result "1/2-1/2"]
[WhiteElo "2176"]
[BlackElo "2072"]
[TimeControl "180+2"]
[EndTime "13:24:16 PDT"]
[Termination "Game drawn by repetition"]

1. c4 e6 2. Nf3 d5 3. b3 f5 4. Bb2 Nf6 5. g3 Bd6 6. Bg2 O-O 7. O-O c5 8. Ne5 Nc6 9. Nxc6 bxc6 10. d4 Ba6 11. dxc5 Bxc5 12. Nd2 Rb8 13. Be5 Rb6 14. Qc2 Qe7 15. a3 Bxa3 16. Ra2 Bb4 17. Rfa1 Qb7 18. c5 Bxc5 19. Qxc5 Nd7 20. Qd6 c5 21. Qc7 Nxe5 22. Qxe5 Rf6 23. Nc4 Bxc4 24. bxc4 Rb1+ 25. Bf1 dxc4 26. Rxa7 Rxf1+ 27. Rxf1 Qxa7 28.
Rd1 h6 29. Qd6 Kh7 30. Rc1 Qa2 31. Qxc5 Qxe2 32. Qxc4 Qxc4 33. Rxc4 g5 34. f4 g4 35. Kf2 Kg6 36. Rc6 Kf7 37. Ke3 Ke7 38. Rc7+ Kd6 39.
Ra7 Rg6 40. Kd4 Rg8 41. Ra6+ Ke7 42. Ke5 Rg6 43. Ra7+ Kd8 44. Ra6 Kd7 45. Ra7+ Kc6 46. Ra6+ Kd7 47. Ra7+ Ke8 48. Ra6 Kf7 49. Ra7+ Ke8 50.
Ra8+ Kf7 51. Ra7+ Ke8 52. Ra8+ Kf7 53. Ra7+ 1/2-1/2

[Event "*** MasterClass Titled Tuesday Blitz"]
[Site "Chess.com"]
[Date "2017.10.03"]
[Round "2"]
[White "VojtechPlat"]
[Black "Bengalas"]
[Result "1/2-1/2"]
[WhiteElo "2682"]
[BlackElo "2521"]
[TimeControl "180+2"]
[EndTime "13:24:23 PDT"]
[Termination "Game drawn by repetition"]

1. e4 c5 2. Nf3 d6 3. d4 cxd4 4. Qxd4 Nc6 5. Bb5 Bd7 6. Bxc6 Bxc6 7. c4 Nf6 8. Nc3 g6 9. Bg5 Bg7 10. O-O O-O 11. Qd3 a6 12. Rfe1 Nd7 13. Rad1 Nc5 14. Qb1 Bxc3 15. bxc3 f6 16. Bh6 Rf7 17. Nd4 Rc8 18.
f3 Qa5 19. Qb4 Qa4 20. Be3 a5 21. Qb6 Qxc4 22. Nxc6 Rxc6 23. Qxa5 Kg7 24. Rd4 Qe6 25. Rd2 Ra6 26. Qb5 Rxa2 27. Rxa2 Qxa2 28. Bxc5 dxc5 29.
Qxc5 e5 30. Qd6 Qa5 31. Re3 Qc7 32. Qxc7 Rxc7 33. Rd3 Kf7 34. Kf2 Ke7 35. Ke3 Rd7 36. Rxd7+ Kxd7 37. Kd3 Kc6 38. Kc4 b5+ 39. Kb4 Kb6 40. c4 bxc4 41. Kxc4 Kc6 42. g3 h6 43. g4 h5 44. gxh5 gxh5 45. h4 Kd6 46. Kb5 Kd7 47. Kb6 Kd6 48. Kb5 Kd7 49. Kc5 Kc7 50.
Kd5 Kd7 51. Kc5 Kc7 52. Kb5 Kb7 53. Kc5 Kc7 54. Kd5 Kd7 55. Kc5 Kc7 56. Kd5 Kd7 57. Kc5 Kc7 1/2-1/2

[Event "*** MasterClass Titled Tuesday Blitz"]
[Site "Chess.com"]
[Date "2017.10.03"]
[Round "2"]
[White "bilelou"]
[Black "plouarzel"]
[Result "1/2-1/2"]
[WhiteElo "2429"]
[BlackElo "2473"]
[TimeControl "180+2"]
[EndTime "13:24:24 PDT"]
[Termination "Game drawn by repetition"]

1. e4 d6 2. d4 Nf6 3. Nc3 e5 4.
Nf3 Nbd7 5. Bc4 exd4 6. Nxd4 Nb6 7. Bd3 Be7 8. O-O O-O 9. b3 c6 10. Bb2 d5 11. e5 Ne8 12. Re1 g6 13. h3 Ng7 14. a3 f6 15. Nf3 fxe5 16. Nxe5 Bf6 17. Ne2 Qd6 18. f4 Nd7 19. Nxd7 Bxd7 20. Bxf6 Qxf6 21. Qd2 Rae8 22. Rf1 Nf5 23. Bxf5 Bxf5 24. Rae1 Qd6 25. b4 b6 26. c3 c5 27. Ng3 Rxe1 28.
Rxe1 d4 29. Re5 d3 30. Kh2 c4 31. Nf1 a6 32. a4 Bd7 33. b5 axb5 34. axb5 Ra8 35. Ne3 Be6 36. Re4 Ra4 37. Rd4 Qc7 38. Qf2 Bf7 39. Qf3 Ra1 40. Qc6 Qe7 41. Re4 Qd8 42.
Rd4 Qe7 43. Qc8+ Kg7 44. Re4 Qd6 45. Qc6 Qd8 46. Rd4 Qe7 47. Re4 Qd8 48. Rd4 Qe7 49. Re4 Qd8 50. Rd4 Qe7 1/2-1/2

[Event "*** MasterClass Titled Tuesday Blitz"]
[Site "Chess.com"]
[Date "2017.10.03"]
[Round "2"]
[White "MaxLeto"]
[Black "Aygehovit1992"]
[Result "1-0"]
[WhiteElo "2323"]
[BlackElo "2436"]
[TimeControl "180+2"]
[EndTime "13:24:24 PDT"]
[Termination "MaxLeto won by resignation"]

1. b3 e5 2. Bb2 Nc6 3. e3 Nf6 4. Bb5 Bd6 5. Na3 Na5 6. Nf3 Qe7 7. Qc1 c6 8. Be2 Bc7 9. c4 b6 10. Qc3 d6 11. d4 e4 12. Nd2 Bf5 13. d5 c5 14. h3 h5 15. O-O-O h4 16. Rdg1 a6 17.
g4 hxg3 18. Rxg3 Bg6 19. h4 O-O-O 20. Nc2 Nb7 21. Ne1 Rh7 22. Ng2 b5 23. cxb5 Nxd5 24.
Qc4 Nb6 25. Qc2 axb5 26. Bxb5 d5 27. Kb1 Bxg3 28. fxg3 Kb8 29. Rc1 Bf5 30. Nf4 Bc8 31.
a4 g5 32. hxg5 Qxg5 33. Nf1 Qe7 34. Ba3 Qc7 35. a5 Nxa5 36. Bxc5 Nb7 37. Bd4 Qxc2+ 38. Rxc2 Rh1 39. Bxb6 Rdh8 40. Kb2 Nd6 41. Bc6 Nf5 42.
Nxd5 Bb7 43. Bc7+ Ka8 44. Bxb7+ Kxb7 45. Nd2 Rc8 46. Nxe4 Rd1 47. Nc5+ Kc6 48. e4 Nd4 49. Rc4 Nb5 50. Na4+ Kb7 51. Rb4 Ka6 52. Nc5+ Ka7 53. Rxb5 1-0

[Event "*** MasterClass Titled Tuesday Blitz"]
[Site "Chess.com"]
[Date "2017.10.03"]
[Round "2"]
[White "NMJeevanK"]
[Black "Tonychess32"]
[Result "1-0"]
[WhiteElo "2330"]
[BlackElo "2396"]
[TimeControl "180+2"]
[EndTime "13:24:24 PDT"]
[Termination "NMJeevanK won by checkmate"]

1. e4 e5 2. Nf3 Nc6 3. Bb5 a6 4. Ba4 Nf6 5. O-O b5 6. Bb3 Be7 7. Re1 O-O 8. c3 d6 9. h3 Na5 10. Bc2 c5 11. d4 Qc7 12. Nbd2 cxd4 13. cxd4 Nc6 14. d5 Nb4 15. Bb1 a5 16. a3 Na6 17.
Nf1 Bd7 18. Ng3 Qb7 19. Nh4 g6 20. f4 exf4 21. Bxf4 Ng4 22. Nhf5 Qb6+ 23. Ne3 Ne5 24. Kh2 Nc5 25. Rf1 f6 26. Bc2 b4 27. axb4 Qxb4 28.
b3 Bb5 29. Rg1 Rab8 30. Ng4 Nxg4+ 31. Qxg4 Bd7 32. Qh4 g5 33. Qh6 gxf4 34. Nh5 Rf7 35. Raf1 Nxe4 36. Rxf4 f5 37. Bxe4 fxe4 38. Rxf7 Kxf7 39.
Qxh7+ Ke8 40. Qg8+ Bf8 41. Rf1 Ke7 42. Qg5+ Ke8 43.
Rxf8+ Kxf8 44. Qg7+ Ke8 45. Nf6+ Kd8 46. Qxd7# 1-0

[Event "*** MasterClass Titled Tuesday Blitz"]
[Site "Chess.com"]
[Date "2017.10.03"]
[Round "2"]
[White "Jungle_Jaguar"]
[Black "TamNguyen2"]
[Result "1-0"]
[WhiteElo "2370"]
[BlackElo "2236"]
[TimeControl "180+2"]
[EndTime "13:24:27 PDT"]
[Termination "Jungle_Jaguar won by checkmate"]

1. e4 c5 2. Nf3 g6 3. d4 cxd4 4.
Nxd4 Bg7 5. Nc3 Nc6 6. Be3 Nf6 7. Be2 O-O 8. Nb3 d6 9. O-O Be6 10. f3 a6 11. Nd5 Re8 12. Qd2 Nd7 13. c3 Rc8 14. Rad1 Na5 15. Nd4 Nc4 16. Bxc4 Rxc4 17. Nxe6 fxe6 18. Nf4 Nf8 19. h4 Qa5 20. a3 Rec8 21. Nh3 Qe5 22. Bf4 Qc5+ 23. Kh1 b5 24.
Be3 Qe5 25. Qf2 a5 26. Bd4 Qh5 27. Bxg7 Kxg7 28. g3 Qc5 29. Qd2 b4 30. axb4 axb4 31. cxb4 Qxb4 32. Qg5 Qb7 33. e5 h6 34. Qe3 d5 35. Rf2 Rc2 36. Rdd2 Qxb2 37. Nf4 Rxd2 38. Qxd2 Qxe5 39. Kg2 Qf5 40. Re2 g5 41. Nh5+ Kh7 42. g4 Qg6 43. hxg5 Qxg5 44. Qd3+ Qg6 45. Qa3 Qf7 46.
Qe3 Ng6 47. Qxe6 Qxe6 48. Rxe6 Rd8 49. f4 d4 50. f5 Nh4+ 51. Kg3 d3 52. Rxe7+ Kh8 53.
Nf6 Nxf5+ 54. gxf5 Rg8+ 55. Nxg8 d2 56. Nf6 d1=Q 57. Rh7# 1-0

[Event "*** MasterClass Titled Tuesday Blitz"]
[Site "Chess.com"]
[Date "2017.10.03"]
[Round "2"]
[White "Keaton87"]
[Black "grzechu96"]
[Result "0-1"]
[WhiteElo "2454"]
[BlackElo "2444"]
[TimeControl "180+2"]
[EndTime "13:24:30 PDT"]
[Termination "grzechu96 won by resignation"]

1. d4 Nf6 2. Nf3 g6 3. Bf4 Bg7 4. e3 O-O 5. Be2 d5 6. O-O c5 7. c3 b6 8. h3 Bb7 9. Ne5 Ne4 10. a4 Nd7 11. Nxd7 Qxd7 12. a5 Bc6 13. Nd2 Nxd2 14. Qxd2 f6 15. b4 e5 16. Bg3 cxb4 17. cxb4 Bb5 18.
dxe5 fxe5 19. Rfd1 Bxe2 20. Qxe2 d4 21. exd4 exd4 22. Be5 Qe6 23. f4 Rxf4 24. Re1 Re8 25. Bxf4 Qxe2 26. Rxe2 Rxe2 27. a6 Be5 28. Kf1 d3 29.
Bxe5 Rxe5 30. Rd1 Rd5 31. Kf2 b5 32. Ke3 Rd6 33. Rxd3 Rxa6 34. Rd5 Ra3+ 35. Kf4 a6 36.
Kg5 Kf7 37. Rd7+ Ke6 38. Rxh7 Rg3+ 39. Kf4 Rxg2 40. Ra7 Ra2 41. Kg5 Kd5 42. Kxg6 Kc4 43. h4 Kxb4 44. h5 a5 45. h6 Rg2+ 46. Kf7 Rh2 47.
Kg7 a4 48. h7 a3 49. h8=Q Rxh8 50. Kxh8 Kb3 51. Kg7 b4 52. Kf6 Ka2 53. Rh7 b3 54. Ke5 b2 55. Rh2 Ka1 56. Rh3 a2 0-1

[Event "*** MasterClass Titled Tuesday Blitz"]
[Site "Chess.com"]
[Date "2017.10.03"]
[Round "2"]
[White "chessdjw"]
[Black "Gudmundur_Kjartansson"]
[Result "0-1"]
[WhiteElo "2217"]
[BlackElo "2437"]
[TimeControl "180+2"]
[EndTime "13:24:35 PDT"]
[Termination "Gudmundur_Kjartansson won by checkmate"]

1. Nf3 c5 2. g3 Nc6 3. c4 g6 4. Bg2 Bg7 5. O-O d6 6. Nc3 Bf5 7. d3 Qd7 8. Nd5 Nf6 9. e4 Bg4 10. Be3 Nxd5 11. cxd5 Nd4 12. Rb1 a5 13. Bxd4 Bxd4 14.
Qd2 Bxf3 15. Bxf3 O-O 16. h4 f5 17. h5 fxe4 18. Bxe4 Qg4 19. Kg2 Qxh5 20. Rh1 Qe5 21.
f3 Qf6 22. Rh6 Rf7 23. Rbh1 Rg7 24. a4 b6 25. b3 Rf8 26. f4 e5 27. dxe6 Qxe6 28.
R1h5 Kh8 29. Kf3 Qe8 30. Rd5 Rf6 31. Qh2 b5 32. Qh4 Re6 33. Qh3 bxa4 34. bxa4 Rxe4 35.
dxe4 Qxa4 36. Qc8+ Rg8 37. Qc7 Qd1+ 38. Kg2 Qe2+ 39.
Kh3 Qf1+ 40. Kg4 Qe2+ 41. Kg5 Bg7 42. Rh4 Qxe4 43. Qf7 Rf8 44. f5 Qe3+ 45. Kg4 Rxf7 46. fxg6 Qf3+ 47. Kg5 Qf6+ 48. Kg4 Qe6+ 49. Kg5 Qxd5+ 50.
Kg4 Qe6+ 51. Kg5 Qxg6# 0-1

[Event "*** MasterClass Titled Tuesday Blitz"]
[Site "Chess.com"]
[Date "2017.10.03"]
[Round "2"]
[White "Mbneu"]
[Black "dtn70"]
[Result "1-0"]
[WhiteElo "2198"]
[BlackElo "2303"]
[TimeControl "180+2"]
[EndTime "13:24:35 PDT"]
[Termination "Mbneu won by checkmate"]

1. d4 d6 2. f4 Nf6 3. c4 g6 4.
Nc3 c5 5. d5 b5 6. cxb5 a6 7.
e4 Bg7 8. Nf3 O-O 9. a4 axb5 10.
Bxb5 Ba6 11. Bd2 Nbd7 12. O-O Qb6 13. Qe2 Rfb8 14. e5 Bxb5 15. axb5 dxe5 16. fxe5 Ng4 17. e6 Rxa1 18. Rxa1 c4+ 19. Kf1 Nde5 20. Ra6 Qc5 21. h3 Nxf3 22. gxf3 Ne5 23. Bf4 Qd4 24. exf7+ Kxf7 25. Be3 Qh4 26. Qg2 Qh5 27. Ke2 Nd3 28. Qg4 Qxg4 29.
fxg4 Nxb2 30. Kd2 Nd3 31. Ra7 Kf8 32. Bg5 Re8 33. b6 Nc5 34. Be3 Bxc3+ 35. Kxc3 Ne4+ 36.
Kxc4 Nd6+ 37. Kb4 Rb8 38. Bc5 Nc8 39. Ka5 h5 40. Ka6 hxg4 41. hxg4 Kf7 42. Bd4 g5 43. b7 Nd6 44. Be5 Rd8 45. Bxd6 Rxd6+ 46. Kb5 Rxd5+ 47.
Kc6 Rd6+ 48. Kc7 Rd4 49. b8=Q Rxg4 50. Qb3+ Kf6 51. Ra6+ Kf5 52. Qe6+ Kf4 53. Ra4+ Kf3 54. Qxg4+ Kf2 55. Re4 e5 56. Re2+ Kf1 57. Qg2# 1-0